 Dungeon Crawl Stone Soup version 0.30.0-5-g1a98f26d00 (webtiles) character file.

Game seed: 4717117891424045707

352 Irreverend the Insei (level 6, -9/47 HPs)
             Began as a Gnoll Transmuter on May 8, 2023.
             Mangled by a gnoll
             ... wielding a +0 halberd
              (12 damage)
             ... on level 3 of the Dungeon.
             The game lasted 00:05:14 (2657 turns).

Irreverend the Insei (Gnoll Transmuter)             Turns: 2657, Time: 00:05:14

Health: -9/47      AC:  2    Str:  9    XL:     6   Next: 61%
Magic:  13/14      EV: 22    Int: 15    God:
Gold:   134        SH:  0    Dex: 17    Spells: 9/15 levels left

rFire   . .          .
                       - Unarmed
rCold   . . .        (shield currently unavailable)
rNeg    . . .        a - melded +0 robe
rPois   x            (helmet currently unavailable)
rElec   .            (cloak currently unavailable)
rCorr   .            (gloves currently unavailable)
SInv    .            (boots currently unavailable)
Will    .....        (no amulet)
Stlth   ++           (no ring)
HPRegen 0.27/turn    (no ring)
MPRegen 0.14/turn

%: no passive effects
@: spider-form (expiring)
A: venomous fangs, tiny, (fangs 1), strong nose, distributed training
a: End Transformation


You were on level 3 of the Dungeon.
You were a venomous arachnid creature.
You visited 1 branch of the dungeon, and saw 3 of its levels.

You collected 134 gold pieces.

Inventory:

Hand Weapons
 k - a +0 triple sword
 l - a +0 scythe
Armour
 a - a +0 robe (melded)
Wands
 q - a wand of charming (9)
Scrolls
 c - 5 scrolls of identify {unknown}
 e - a scroll of fog {unknown}
 h - 2 scrolls of teleportation {unknown}
 j - 3 scrolls of magic mapping {unknown}
 n - a scroll of blinking {unknown}
 o - a scroll of vulnerability {unknown}
 p - a scroll of enchant armour {unknown}
 r - a scroll of fear {unknown}
 s - a scroll of acquirement {unknown}
 v - a scroll of amnesia {unknown}
Potions
 b - a potion of lignification
 d - 2 potions of ambrosia {unknown}
 f - a potion of haste {unknown}
 g - 3 potions of flight {unknown}
 i - 2 potions of cancellation {unknown}
 m - 3 potions of attraction {unknown}
 t - a potion of curing {unknown}
 u - a potion of degeneration {unknown}


   Skills:
 + Level 3.3 Fighting
 + Level 2.1 Short Blades
 + Level 2.1 Long Blades
 + Level 2.1 Axes
 + Level 2.1 Maces & Flails
 + Level 2.1 Polearms
 + Level 2.1 Staves
 + Level 2.1 Ranged Weapons
 + Level 2.1 Throwing
 + Level 2.1 Armour
 + Level 5.0 Dodging
 + Level 2.1 Stealth
 + Level 2.1 Shields
 + Level 6.9 Unarmed Combat
 + Level 5.4 Spellcasting
 + Level 1.7 Conjurations
 + Level 1.7 Hexes
 + Level 1.7 Summonings
 + Level 1.7 Necromancy
 + Level 1.7 Translocations
 + Level 4.2 Transmutations
 + Level 1.7 Fire Magic
 + Level 1.7 Ice Magic
 + Level 1.7 Air Magic
 + Level 1.7 Earth Magic
 + Level 1.7 Poison Magic
 + Level 2.3 Invocations
 + Level 2.1 Evocations


You had 9 spell levels left.
You knew the following spells:

 Your Spells              Type           Power      Damage    Failure   Level
a - Beastly Appendage     Tmut           32%        N/A       10%         1
b - Wereblood             Tmut           16%        N/A       13%         2
c - Spider Form           Tmut/Pois      12%        N/A       32%         3

Your spell library contained the following spells:

 Spells                   Type           Power      Damage    Failure   Level
 Ice Form                 Ice/Tmut       12%        N/A       65%         4


Dungeon Overview and Level Annotations

Branches:
Dungeon (3/15)

Altars:


Innate Abilities, Weirdness & Mutations

You are a venomous arachnid creature.
You have venomous fangs.
You are tiny and dextrous.
Your spellcasting is less reliable in this form.
Your armour is entirely melded.
You are incapable of wielding weapons or throwing items.
((You have very sharp teeth.))
Your uncanny sense of smell can sniff out nearby items.
Your experience applies equally to all skills.


Message History

You barely miss the quokka. The gnoll closely misses you.
The quokka completely misses you.
You bite the quokka!
You kill the quokka!
The bat completely misses you. The gnoll misses you.
You hit the gnoll.
The gnoll is moderately wounded.
The gnoll closely misses you. The gnoll misses you.
You hit the gnoll.
The gnoll is poisoned.
The gnoll is heavily wounded.
You barely miss the gnoll.
The gnoll is severely wounded.
The gnoll hits you with a +0 flail. The gnoll misses you.
You hit the gnoll.
You kill the gnoll!
The bat hits you but does no damage.
The gnoll hits you from afar with a +0 halberd.
The gnoll barely misses you. The gnoll barely misses you.
The gnoll hits you with a +0 spear. The bat closely misses you.
Things that are here:
a +0 flail; a throwing net; a +0 halberd You hit the bat.
You kill the bat!
Your transformation is almost over.
The gnoll completely misses you. x2
The gnoll attacks as you move away! The gnoll closely misses you.
The gnoll misses you. The gnoll barely misses you. The gnoll barely misses you.
The gnoll hits you from afar with a +0 halberd!
You hit the gnoll but do no damage. The gnoll hits you with a +0 spear.
The gnoll hits you from afar with a +0 halberd.
You hit the gnoll but do no damage.
The gnoll is poisoned.
The gnoll hits you with a +0 spear.
* * * LOW HITPOINT WARNING * * *
The gnoll hits you from afar with a +0 halberd.
* * * LOW HITPOINT WARNING * * *
You barely miss the gnoll. The gnoll misses you.
The gnoll hits you from afar with a +0 halberd!
You die...

#.##. #.##. # #.##. #.
#.##. ####.## #.###
....... #.# # .......
#.# #
.......###############.#
......†ggs.............#
.......#################
....... ....... .......
#######


You could see 2 gnolls.

Vanquished Creatures
  Sigmund (D:2)
  Jessica (D:2)
  Ijyb (D:3)
  Robin (D:2)
  2 gnolls (D:3)
  3 adders (D:2)
  A dart slug (D:1)
  4 orcs
  4 endoplasms
  3 giant cockroaches
  22 goblins
  6 hobgoblins
  3 jackals (D:3)
  5 quokkas
  5 ball pythons
  6 bats
  5 frilled lizards
  2 kobolds
  2 rats
77 creatures vanquished.

Notes
Turn   | Place    | Note
-------+----------+-------------------------------------------
     0 | D:1      | Irreverend the Gnoll Transmuter began the quest for the
                  | Orb.
     0 | D:1      | Reached XP level 1. HP: 17/17 MP: 6/6
   194 | D:1      | Reached XP level 2. HP: 23/23 MP: 5/7
   909 | D:2      | Noticed Jessica
   921 | D:2      | Killed Jessica
   922 | D:2      | Reached skill level 1 in Short Blades
   922 | D:2      | Reached skill level 1 in Long Blades
   922 | D:2      | Reached skill level 1 in Axes
   922 | D:2      | Reached skill level 1 in Maces & Flails
   922 | D:2      | Reached skill level 1 in Polearms
   922 | D:2      | Reached skill level 1 in Staves
   922 | D:2      | Reached skill level 1 in Ranged Weapons
   922 | D:2      | Reached skill level 1 in Throwing
   922 | D:2      | Reached skill level 1 in Armour
   922 | D:2      | Reached skill level 1 in Stealth
   922 | D:2      | Reached skill level 1 in Shields
   922 | D:2      | Reached skill level 5 in Spellcasting
   922 | D:2      | Reached skill level 1 in Invocations
   922 | D:2      | Reached skill level 1 in Evocations
   922 | D:2      | Reached XP level 3. HP: 18/28 MP: 6/9
   966 | D:2      | Learned a level 2 spell: Wereblood
   970 | D:2      | Learned a level 3 spell: Spider Form
  1120 | D:2      | Reached XP level 4. HP: 26/34 MP: 9/11
  1184 | D:2      | Reached skill level 1 in Conjurations
  1184 | D:2      | Reached skill level 1 in Hexes
  1184 | D:2      | Reached skill level 1 in Summonings
  1184 | D:2      | Reached skill level 1 in Necromancy
  1184 | D:2      | Reached skill level 1 in Translocations
  1184 | D:2      | Reached skill level 1 in Fire Magic
  1184 | D:2      | Reached skill level 1 in Ice Magic
  1184 | D:2      | Reached skill level 1 in Air Magic
  1184 | D:2      | Reached skill level 1 in Earth Magic
  1184 | D:2      | Reached skill level 1 in Poison Magic
  1439 | D:2      | Noticed Sigmund
  1448 | D:2      | Killed Sigmund
  1449 | D:2      | Reached XP level 5. HP: 21/41 MP: 8/12
  1449 | D:2      | Reached XP level 6. HP: 24/47 MP: 9/14
  1700 | D:2      | Found a faded altar of an unknown god.
  1808 | D:2      | Reached skill level 5 in Dodging
  1816 | D:2      | Noticed Robin
  1830 | D:2      | Killed Robin
  2144 | D:3      | Noticed Ijyb
  2157 | D:3      | Killed Ijyb
  2657 | D:3      | Mangled by a gnoll

Illustrated notes

Levels and vault maps discovered:
D:1:      evilmike_arrival_rings, layout_basic, hangedman_decor_push
D:2:      layout_rooms, hellmonk_ecumenical_altar_defaced_shrine,
          minmay_misc_feat_roman, minivault_27, amethyst_killhole, uniq_robin,
          uniq_sigmund, uniq_jessica
D:3:      kennysheep_goblin_castle, layout_basic

Skill      XL: |  1  2  3  4  5  6 |
---------------+-------------------+-----
Short Blades   | 1 2 |  2.1
Long Blades    | 1 2 |  2.1
Axes           | 1 2 |  2.1
Maces & Flails | 1 2 |  2.1
Polearms       | 1 2 |  2.1
Staves         | 1 2 |  2.1
Ranged Weapons | 1 2 |  2.1
Throwing       | 1 2 |  2.1
Armour         | 1 2 |  2.1
Stealth        | 1 2 |  2.1
Shields        | 1 2 |  2.1
Spellcasting   | 5 |  5.4
Invocations    | 1 2 |  2.3
Evocations     | 1 2 |  2.1
Conjurations   | 1 |  1.7
Hexes          | 1 |  1.7
Summonings     | 1 |  1.7
Necromancy     | 1 |  1.7
Translocations | 1 |  1.7
Fire Magic     | 1 |  1.7
Ice Magic      | 1 |  1.7
Air Magic      | 1 |  1.7
Earth Magic    | 1 |  1.7
Poison Magic   | 1 |  1.7
Fighting       | 3 |  3.3
Transmutations | 4 |  4.2
Dodging        | 5 |  5.0
Unarmed Combat | |  6.9

Action                     |  1- 3 |  4- 6 || total
---------------------------+-------+-------++-------
  Melee: Unarmed           |    46 |   117 ||   163
         Headbutt          |     7 |     7 ||    14
         Bite              |     6 |    10 ||    16
         Kick              |     6 |    14 ||    20
         Punch             |     2 |     6 ||     8
   Cast: Beastly Appendage |    14 |    10 ||    24
         Wereblood         |       |     6 ||     6
         Spider Form       |       |     5 ||     5
 Armour: Robe              |     6 |    16 ||    22
         Skin              |       |     2 ||     2
  Dodge: Dodged            |    33 |   116 ||   149
